 Dungeon Crawl Stone Soup version 0.17-a0-777-g32247ce (webtiles) character file.

207 Lokkij the Poker (level 5, -1/26 HPs)
             Began as a Vine Stalker Skald on Apr 25, 2015.
             Was an Initiate of Okawaru.
             Slain by a gnoll
             ... wielding a +0 club
              (5 damage)
             ... on level 3 of the Dungeon.
             The game lasted 00:06:12 (1984 turns).

Lokkij the Poker (Vine Stalker Skald)               Turns: 1984, Time: 00:06:12

Health: -1/26      AC:  7    Str: 14    XL:     5   Next: 85%
Magic:  0/9        EV: 11    Int: 13    God:    Okawaru [......]
Gold:   129        SH:  0    Dex: 12    Spells: 2 memorised, 5 levels left

rFire  . . .     SeeInvis .     a - +0 spear
rCold  . . .     Clarity  .     b - +0 leather armour
rNeg   . . .     SustAb   .     (no shield)
rPois  .         Gourm    .     (helmet restricted)
rElec  .         Spirit   +     (no cloak)
rCorr  .         Warding  .     f - +2 pair of gloves
rMut   .         Stasis   .     (no boots)
MR     .....                    (no amulet)
Stlth  +.........               (no ring)
                                (no ring)

@: not resistant to hostile enchantments, very unstealthy
A: antennae 1, fangs 2, clumsy 1, regeneration 1, shaggy fur 1, wild magic 1,
magic shield, antimagic bite, no device heal 3, rot immunity
a: Renounce Religion


You were on level 3 of the Dungeon.
You worshipped Okawaru.
Okawaru was noncommittal.
You were not hungry.

You visited 1 branch of the dungeon, and saw 3 of its levels.

You collected 129 gold pieces.

Inventory:

Hand weapons
 a - a +0 spear (weapon)
Armour
 b - a +0 leather armour (worn)
 e - a +2 scale mail of poison resistance
 f - a +2 pair of gloves (worn)
 l - a +2 helmet
Scrolls
 g - 4 scrolls of identify {unknown}
 h - a scroll of fog {unknown}
 k - a scroll of remove curse {unknown}
 m - a scroll of amnesia {unknown}
 n - a scroll of teleportation {unknown}
Books
 c - a book of Battle

   Spells                             Type                      Level
   a - Infusion                       Charms                       1
   b - Shroud of Golubria             Charms/Translocation         2
   c - Song of Slaying                Charms                       2
   d - Spectral Weapon                Hexes/Charms                 3
   e - Regeneration                   Charms/Necromancy            3
Comestibles
 d - 2 bread rations
 i - a beef jerky
 j - a chunk of flesh


   Skills:
 - Level 1.7 Fighting
 * Level 4.5 Polearms
 - Level 0.7 Armour
 - Level 0.7 Dodging
 - Level 2.1 Spellcasting
 + Level 4.2 Charms


You had 5 spell levels left.
You knew the following spells:

 Your Spells              Type           Power        Failure   Level  Hunger
a - Infusion              Chrm           ###...       16%         1    ##.....
b - Shroud of Golubria    Chrm/Tloc      ##........   34%         2    ###....


Dungeon Overview and Level Annotations

Branches:
Dungeon (3/15)

Altars:
Okawaru


Innate Abilities, Weirdness & Mutations

You have extremely sharp teeth.
Your natural rate of healing is unusually fast.
You are covered in fur (AC +1).
When hurt, damage is shared between your health and your magic reserves.
Your bite disrupts and absorbs the magic of your enemies.
Potions and wands cannot restore your health.
You are immune to rotting.
You have a pair of small antennae on your head.
You are clumsy. (Dex -2)
Your spells are a little harder to cast, but a little more powerful.


Message History

The gnoll completely misses you.
You see here a dagger.
The gnoll hits you but does no damage.
You hit the gnoll but do no damage. You bite the gnoll. You drain its power.
You feel invigorated.
The gnoll is moderately wounded.
The gnoll hits you from afar with a halberd!
The gnoll hits you with a club.
* * * LOW HITPOINT WARNING * * *
You hit the gnoll. Your bite misses the gnoll.
The gnoll is heavily wounded.
You hit the gnoll.
The gnoll is severely wounded.
The gnoll misses you. The gnoll hits you with a club!
* * * LOW HITPOINT WARNING * * *
You aren't carrying any potions.
You hit the gnoll but do no damage.
The gnoll is severely wounded.
The gnoll hits you with a club.
You die...

###### #### #....# ..# #....#
#.#####....#########
#.##.......@g%.....#
#..........##g..##.#
#..........{.......###
#........##......#...#
######........##..))).#...##..
..............................
######........##..........#...
#........##..........#
#........##..........#


You could see 2 gnolls.

Vanquished Creatures
  The ghost of Borgoz the Sneak, a weakling HaEn (D:3)
  Jessica (D:2)
  Terence (D:3)
  3 adders (D:2)
  2 oozes
  5 giant geckos
  8 orcs (D:3)
  4 bats
  6 hobgoblins
  12 jackals
  11 kobolds
  3 giant newts
  6 goblins
  7 rats
70 creatures vanquished.

Notes
Turn   | Place    | Note
--------------------------------------------------------------
     0 | D:1      | Lokkij, the Vine Stalker Skald, began the quest for the Orb.
     0 | D:1      | Reached XP level 1. HP: 11/11 MP: 4/4
    69 | D:1      | Reached XP level 2. HP: 8/15 MP: 6/6
   466 | D:1      | Reached XP level 3. HP: 16/18 MP: 7/7
   470 | D:1      | Learned a level 2 spell: Shroud of Golubria
  1018 | D:2      | Reached XP level 4. HP: 23/23 MP: 8/8
  1194 | D:2      | Found an iron altar of Okawaru.
  1194 | D:2      | Noticed Jessica
  1215 | D:2      | Killed Jessica
  1249 | D:2      | Became a worshipper of Warmaster Okawaru
  1261 | D:2      | Reached XP level 5. HP: 23/26 MP: 9/9
  1413 | D:2      | Reached skill level 4 in Polearms
  1643 | D:3      | Noticed Borgoz's ghost (weakling HaEn)
  1646 | D:3      | Gained mutation: Your spells are a little harder to cast, but a little more powerful. [potion of mutation]
  1646 | D:3      | Gained mutation: You are clumsy. (Dex -2) [potion of mutation]
  1646 | D:3      | Gained mutation: You have a pair of small antennae on your head. [potion of mutation]
  1663 | D:3      | Killed Borgoz's ghost
  1791 | D:3      | Noticed Terence
  1822 | D:3      | Killed Terence
  1984 | D:3      | Slain by a gnoll

Action                   |  1- 3 |  4- 6 || total
-------------------------+-------+-------++-------
Melee: Spear             |   147 |   187 ||   334
 Cast: Shroud of Golubri |     1 |     5 ||     6
  Use: Potion            |       |     4 ||     4
  Eat: Chunk             |     1 |     3 ||     4
